 Dungeon Crawl Stone Soup version 0.24.1-4-ge52af88ad5 (webtiles) character file.

Game seed: 13331911618490173964, levelgen mode: deterministic

1264 nightchill the Carver (level 8, -2/63 HPs)
             Began as a Vampire Gladiator on Apr 15, 2020.
             Was an Initiate of Sif Muna.
             Killed from afar by a starcursed mass (6 damage)
             ... with an accursed screaming
             ... on level 3 of the Abyss.
             The game lasted 00:13:57 (7106 turns).

nightchill the Carver (Vampire Gladiator)           Turns: 7106, Time: 00:13:58

Health: -2/63      AC:  2    Str: 13    XL:     8   Next: 27%
Magic:  8/8        EV: 10    Int: 13    God:    Sif Muna [......]
Gold:   335        SH:  0    Dex: 15    Spells: 7/7 levels left

rFire    . . .     SeeInvis +   a - +0 long sword
rCold    + . .     Gourm    .   (no shield)
rNeg     . . .     Faith    .   F - +2 scale mail {rC+}
rPois    .         Spirit   .   c - +0 helmet
rElec    .         Reflect  .   u - +0 cloak
rCorr    .         Harm     .   (no gloves)
MR       .....                  (no boots)
Stlth    ..........             (no amulet)
HPRegen  0.40/turn              (no ring)
MPRegen  0.11/turn              (no ring)

@: about to teleport, corroded, regenerating quickly, lightly drained
A: no food, fangs 3, see invisible, unbreathing
a: Exsanguinate, Renounce Religion


You were on level 3 of the Abyss.
You worshipped Sif Muna.
Sif Muna was noncommittal.
You were alive.

You visited 2 branches of the dungeon, and saw 8 of its levels.
You visited the Abyss 1 time.
You also visited: Ossuary.

You collected 335 gold pieces.

Inventory:

Hand Weapons
 a - a +0 long sword (weapon)
 J - a +3 scimitar
Missiles
 d - 3 throwing nets (quivered)
 m - 167 stones
 r - 26 poisoned darts
 C - 54 sling bullets
Armour
 b - a +0 leather armour
 c - a +0 helmet (worn)
 u - a +0 cloak (worn)
 F - a +2 scale mail of cold resistance (worn)
Magical Staves
 E - an uncursed staff of fire
Jewellery
 H - an uncursed ring of resist corrosion {unknown}
Wands
 t - a wand of disintegration (16)
 w - a wand of paralysis (9)
Scrolls
 f - a scroll of random uselessness
 j - a scroll of magic mapping {unknown}
 k - a scroll of amnesia {unknown}
 l - 4 scrolls of immolation
 o - a scroll of fog {unknown}
 q - 2 scrolls of remove curse
 v - a scroll of blinking {unknown}
 x - a scroll of enchant weapon {unknown}
 y - a scroll of noise {unknown}
 B - 4 scrolls of identify
Potions
 e - a potion of berserk rage {unknown}
 g - 5 potions of might {unknown}
 h - 2 potions of curing {unknown}
 i - a potion of cancellation {unknown}
 n - 2 potions of ambrosia {unknown}
 p - a potion of heal wounds {unknown}
 s - 2 potions of brilliance {unknown}
 z - a potion of invisibility
 A - a potion of degeneration {unknown}
 G - a potion of flight {unknown}
 I - a potion of resistance {unknown}


   Skills:
 + Level 5.5(5.3) Fighting
 * Level 8.8(8.5) Long Blades
 - Level 1.5(1.3) Throwing
 - Level 3.2(3.0) Dodging


You had 7 spell levels left.
You didn't know any spells.
Your spell library was empty.

Dungeon Overview and Level Annotations

Branches:
Dungeon (7/15)             Temple (1/1) D:5         Ossuary (visited)

Altars:
Ashenzari
Cheibriados
Dithmenos
Fedhas
Gozag
Hepliaklqana
Kikubaaqudgha
Makhleb
Nemelex Xobeh
Okawaru
Qazlal
Sif Muna
Trog
Uskayaw
Vehumet
Wu Jian
Xom
Yredelemnul
The Shining One


Innate Abilities, Weirdness & Mutations

You do not eat.
Your natural rate of healing is unusually fast.
You have razor-sharp teeth.
You have supernaturally acute eyesight. (SInv)
You can survive without breathing.


Message History

You feel strangely unstable.
You feel the power of the Abyss delaying your translocation!
The starcursed mass misses you.
You riposte.
You hit the starcursed mass but do no damage.
A chorus of shrieks assaults your mind. The starcursed mass closely misses you.
The starcursed mass engulfs you.
The starcursed mass shrieks in your mind.
The starcursed mass shrieks in your mind.
The starcursed mass shrieks in your mind.
The starcursed mass shrieks in your mind.
* * * LOW HITPOINT WARNING * * *
The rust devil hits you.
* * * LOW HITPOINT WARNING * * *
The rust devil corrodes you! The starcursed mass engulfs you!
* * * LOW HITPOINT WARNING * * *
The rust devil hits you. The rust devil corrodes you!
The starcursed mass shrieks in your mind.
You die...

#.#.. ... # .
###(##...#. .
#
##...5...#X..
.# .###.54
#..# # # ..
###.#..# $ ##
#.####5## . #
#.##X##### ##
#X44§..#...#
#@#§###.#..#
### # .# . .#
.. # . $.#


You could see a starcursed mass (inner flame), a large abomination (inner
flame), a rust devil and a chaos spawn.

Vanquished Creatures
  Menkaure (D:5)
  A sky beast (D:7)
  A centaur (D:7)
  2 bullfrogs (D:5)
  2 jellies
  2 centaur zombies
  A gnoll shaman (D:5)
  2 orc priests
  2 hounds
  7 orc wizards
  4 worker ants
  A big kobold zombie (Ossuary)
  5 gnolls
  8 adders
  A shadow imp (D:5)
  3 oozes
  An adder zombie (Ossuary)
  2 worms (D:2)
  An adder skeleton (D:5)
  A dart slug (D:2)
  4 leopard geckos
  6 orcs (D:6)
  7 giant cockroaches
  3 goblins
  7 hobgoblins
  6 jackals (D:4)
  2 quokkas
  A ball python (D:4)
  5 bats
  2 frilled lizards (D:1)
  A goblin zombie (Ossuary)
  8 hobgoblin zombies
  13 kobolds
  9 kobold zombies
  6 orc zombies (Ossuary)
  A quokka skeleton (D:4)
  5 rats
134 creatures vanquished.

Notes
Turn   | Place    | Note
-------+----------+-------------------------------------------
     0 | D:1      | nightchill the Vampire Gladiator began the quest for the
                  | Orb.
     0 | D:1      | Reached XP level 1. HP: 16/16 MP: 1/1
   138 | D:1      | Reached XP level 2. HP: 17/22 MP: 2/2
   898 | D:2      | Found a blossoming altar of Fedhas.
   909 | D:2      | Reached XP level 3. HP: 26/27 MP: 3/3
  1050 | D:2      | Reached skill level 4 in Long Blades
  1108 | D:2      | Found an ornate altar of the Wu Jian Council.
  2200 | D:3      | Reached XP level 4. HP: 33/34 MP: 4/4
  2714 | D:4      | Found a sand-covered staircase.
  2724 | Ossuary  | Entered an ossuary
  3124 | Ossuary  | Reached skill level 5 in Long Blades
  3124 | Ossuary  | Reached XP level 5. HP: 37/41 MP: 5/5
  3677 | D:4      | Found an iron altar of Okawaru.
  3691 | D:4      | Found a sparkling altar of Nemelex Xobeh.
  3895 | D:5      | Entered Level 5 of the Dungeon
  3906 | D:5      | Noticed a phantom
  4228 | D:5      | Reached skill level 6 in Long Blades
  4228 | D:5      | Reached XP level 6. HP: 29/48 MP: 6/6
  4426 | D:5      | Found a staircase to the Ecumenical Temple.
  4441 | Temple   | Entered the Ecumenical Temple
  4518 | Temple   | Became a worshipper of Sif Muna the Loreminder
  4946 | D:5      | Found an opulent altar of Gozag.
  4946 | D:5      | Found a basalt altar of Yredelemnul.
  4948 | D:5      | Found a radiant altar of Vehumet.
  5023 | D:5      | Noticed Menkaure
  5029 | D:5      | Killed Menkaure
  5029 | D:5      | Reached XP level 7. HP: 54/54 MP: 7/7
  5156 | D:5      | Reached skill level 7 in Long Blades
  5648 | D:6      | Reached skill level 5 in Fighting
  5998 | D:5      | Reached skill level 8 in Long Blades
  6120 | D:6      | Reached XP level 8. HP: 56/62 MP: 8/8
  6907 | D:7      | Found a shimmering altar of Xom.
  6908 | D:7      | Found a burning altar of Makhleb.
  6926 | D:7      | Cast into level 1 of the Abyss (crimson imp)
  6940 | Abyss:1  | Noticed a red very ugly thing
  6940 | Abyss:1  | Noticed a red ugly thing
  6940 | Abyss:1  | Noticed a red very ugly thing
  6940 | Abyss:1  | Noticed a red ugly thing
  7053 | Abyss:3  | Noticed a rust devil
  7076 | Abyss:3  | Noticed a large abomination
  7091 | Abyss:3  | Noticed a starcursed mass
  7106 | Abyss:3  | Killed from afar by a starcursed mass

Levels and vault maps discovered:
D:1:      minmay_arrival_three_doors, layout_basic
D:2:      layout_basic, nicolae_overflow_hidden_temple, fedhas_altar_2
D:3:      layout_loops_cross, first_ration, minmay_misc_feat_doors
D:4:      layout_cave_pools, okawaru_trees_2, nemelex_xobeh_ov_fountains_minmay,
          enter_ossuary_3
D:5:      layout_basic, gammafunk_temple_overflow_claw,
          minmay_temple_entry_fiery, uniq_menkaure
D:6:      layout_basic
D:7:      layout_gridville, grunt_temple_overflow_champion_of_chaos,
          grunt_gozag_statues
Temple:   dpeg_chambers_temple
Abyss:3:  base: D:8, hangedman_abyss_or_decor_jellyfish_corner,
          hangedman_abyss_or_decor_jellyfish_corner, minivault_20

Skill      XL: |  1  2  3  4  5  6  7 |
---------------+----------------------+-----
Fighting       | 2 3 4 5 |  5.5
Long Blades    | 4 5 6 8 |  8.8
Throwing       | |  1.5
Dodging        | |  3.2

Action                   |  1- 3 |  4- 6 |  7- 9 || total
-------------------------+-------+-------+-------++-------
Melee: Long sword        |   114 |   243 |   179 ||   536
       Bite              |    14 |    37 |    27 ||    78
Evoke: Wand              |       |     5 |     1 ||     6
  Use: Scroll            |       |       |     5 ||     5
 Stab: Sleeping          |     3 |     1 |     1 ||     5
Armor: Leather armour    |    33 |    75 |     6 ||   114
       Scale mail        |       |       |    72 ||    72
Dodge: Dodged            |    71 |   169 |   123 ||   363
       Rpst.: Long sword |    23 |    44 |    36 ||   103
